 Dungeon Crawl Stone Soup version 0.21-a0-241-g2cbab09 (webtiles) character file.

21 4thArraOfDagon the Magician (level 2, -1/22 HPs)
             Began as a Mummy Warper on Sept 3, 2017.
             Slain by an adder (3 damage)
             ... on level 3 of the Dungeon.
             The game lasted 00:02:46 (997 turns).

4thArraOfDagon the Magician (Mummy Warper)           Turns: 997, Time: 00:02:48

Health: -1/22      AC:  3    Str: 14    XL:     2   Next: 62%
Magic:  5/5        EV: 12    Int: 12    God:
Gold:   57         SH:  0    Dex: 11    Spells: 6/6 levels left

rFire    x . .     SeeInvis .   a - +1 spear
rCold    + . .     Gourm    .   (no shield)
rNeg     + + +     Faith    .   b - +0 leather armour
rPois    ∞         Spirit   .   (no helmet)
rElec    .         Reflect  .   (no cloak)
rCorr    .         Harm     .   (no gloves)
MR       +....                  (no boots)
Stlth    +.........             (no amulet)
HPRegen  0.07/turn              j - ring of protection from magic (curse)
MPRegen  0.09/turn              (no ring)

@: no status effects
A: no food or potions, fire vulnerability, cold resistance 1, negative energy
resistance 3, torment resistance, unbreathing
a: no special abilities


You were on level 3 of the Dungeon.
You were not hungry.

You visited 1 branch of the dungeon, and saw 3 of its levels.

You collected 57 gold pieces.

Inventory:

Hand Weapons
 a - a +1 spear (weapon)
 g - a -2 dagger
Missiles
 e - 4 tomahawks of dispersal (quivered)
 f - 2 tomahawks
Armour
 b - a +0 leather armour (worn)
Jewellery
 j - a cursed ring of protection from magic (left hand)
Wands
 m - a wand of enslavement (9/24)
Scrolls
 d - 2 scrolls of blinking
 i - a scroll of remove curse
 k - a scroll of fear {unknown}
 l - a scroll of teleportation {unknown}
Books
 c - a book of Spatial Translocations

   Spells                             Type                      Level
   a - Blink                          Translocation                2
   b - Shroud of Golubria             Charms/Translocation         2
   c - Lesser Beckoning               Translocation                3
   d - Gell's Gravitas                Translocation                3
   e - Teleport Other                 Translocation                3
   f - Passage of Golubria            Translocation                4


   Skills:
 - Level 2.0 Fighting
 * Level 1.9 Polearms
 * Level 1.2 Throwing
 - Level 1.0 Armour
 - Level 2.0 Dodging
 - Level 2.6 Spellcasting
   Level 2.4 Translocations


You had 6 spell levels left.
You didn't know any spells.

Dungeon Overview and Level Annotations

Branches:
Dungeon (3/15)

Altars:
Qazlal
Sif Muna


Innate Abilities, Weirdness & Mutations

You do not eat or drink.
Your flesh is vulnerable to fire.
You are immune to poison.
Your flesh is cold resistant. (rC+)
You are immune to negative energy. (rN+++)
You are immune to unholy pain and torment.
You can survive without breathing.


Message History

Aim: an adder (almost dead)
You throw a javelin. The javelin barely misses the adder.
The javelin hits the giant cockroach.
The giant cockroach is moderately wounded.
The adder closely misses you. The adder bites you.
* * * LOW HITPOINT WARNING * * *
Throwing (i - inventory. (,) - cycle):
h - a javelin (quivered)
Press: ? - help, Shift-Dir - straight line, f/p - adder
Aim: an adder (almost dead)
You throw a javelin. The javelin closely misses the adder.
The javelin barely misses the giant cockroach.
The adder barely misses you.
Throwing (i - inventory. (,) - cycle):
e - 5 tomahawks of dispersal (quivered)
Press: ? - help, Shift-Dir - straight line, f/p - adder
Aim: an adder (almost dead)
You throw a tomahawk of dispersal.
The tomahawk of dispersal barely misses the adder.
The tomahawk of dispersal closely misses the giant cockroach.
The adder bites you but does no damage. The adder bites you.
You die...

............###........
#...#(.......+....s...
#.. #.########........
#.# .......... #.#
##...!.... #.#
#!....... +s# ###.#.##.
#S# #@# ###


You could see an adder and a giant cockroach.

Vanquished Creatures
  A worm (D:3)
  A ball python (D:2)
  4 goblins
  3 hobgoblins
  2 quokkas (D:2)
  A bat (D:3)
  A frilled lizard (D:2)
  3 kobolds
16 creatures vanquished.

Notes
Turn   | Place    | Note
-------+----------+-------------------------------------------
     0 | D:1      | 4thArraOfDagon the Mummy Warper began the quest for the Orb.
     0 | D:1      | Reached XP level 1. HP: 16/16 MP: 4/4
   586 | D:2      | Reached skill level 1 in Armour
   594 | D:2      | Found a deep blue altar of Sif Muna.
   619 | D:2      | Reached XP level 2. HP: 10/22 MP: 5/5
   829 | D:2      | Reached skill level 1 in Throwing
   938 | D:3      | Found a stormy altar of Qazlal.
   997 | D:3      | Slain by an adder

Vault maps used:
D:1:      onia_arrival_pentagram, serial_glass, glass_columns_a,
          glass_columns_a, glass_columns_c, glass_columns_a, glass_columns_a,
          glass_columns_b, minmay_misc_feat_more_columns, minmay_pentomino_w4
D:2:      led_sif_pool
D:3:      nicolae_qazlal_general_emergency, uniq_ijyb, uniq_crazy_yiuf_cottage,
          uniq_robin

Skill      XL: |  1  2 |
---------------+-------+-----
Armour         | 1 |  1.0
Dodging        | 2 |  2.0
Throwing       | 1 |  1.2
Fighting       | |  2.0
Polearms       | |  1.9
Spellcasting   | |  2.6
Translocations | |  2.4

Action                   || total
-------------------------++-------
Melee: Dagger            ||    65
       Spear             ||    32
Throw: Javelin           ||    16
       Tomahawk          ||     3
  Use: Scroll            ||     5
Armor: Leather armour    ||    16
Dodge: Dodged            ||    66

Table legend:
 A = Spawn XP
 B = Non-spawn XP
 C = Spawn XP percentage of total XP
 D = Spawn monster count
 E = Non-spawn monster count
 F = Spawn count percentage of total count
 G = Total turns spent on level
                    A         B        C        D         E        F      G
               +---------+---------+-------+---------+---------+-------+---------
         Total |       2 |      28 |   6.7 |       1 |      15 |   6.2 |   997
               +---------+---------+-------+---------+---------+-------+---------
           D:1 |       0 |       2 |   0.0 |       0 |       1 |   0.0 |   244
           D:2 |       2 |      17 |  10.5 |       1 |      10 |   9.1 |   608
           D:3 |       0 |       9 |   0.0 |       0 |       4 |   0.0 |   145
               +---------+---------+-------+---------+---------+-------+---------
